[Event "Team 45 45 League T99"]
[Site "Internet Chess Club"]
[Date "2024.02.23"]
[Round "2"]
[White "smsxman"]
[Black "SeniorCitizen"]
[Result "1-0"]
[WhiteElo "1486"]
[BlackElo "1135"]
[Opening "French defense"]
[ECO "C00"]
[Time "11:00:11"]
[PlyCount "70"]
[TimeControl "2700+45"]

1. e4 e6 2. Nc3 d5 3. exd5 exd5 4. d4 Nf6 5. g3 Be7 6. Bg2 O-O 7. Nge2 c6 8. O-O
Bd6 9. a3 Bf5 10. Bg5 Nbd7 11. b4 Re8 12. b5 h6 13. Bf4 Qc7 14. a4 Bxf4 15. Nxf4
Ne4 16. Nxe4 Bxe4 17. bxc6 bxc6 18. Re1 Nf6 19. Rc1 Bxg2 20. Nxg2 Rxe1+ 21. Nxe1
Rb8 22. Nd3 Ne4 23. c3 Qd7 24. Ne5 Qf5 25. Qf3 Qxf3 26. Nxf3 Nf6 27. Ne5 Rc8 28.
Rb1 c5 29. Rb7 cxd4 30. cxd4 Rc1+ 31. Kg2 Rd1 32. Rxa7 Rxd4 33. Nxf7 Rc4 34. Ne5
Re4 35. f4 Rxa4 {Black resigns} 1-0

[Event "Team 45 45 League T99"]
[Site "Internet Chess Club"]
[Date "2024.02.23"]
[Round "2"]
[White "thundercat1"]
[Black "Valuablecustome"]
[Result "1/2-1/2"]
[WhiteElo "999"]
[BlackElo "1040"]
[Opening "Queen's pawn, Mason variation"]
[ECO "D00"]
[Time "18:00:18"]
[PlyCount "102"]
[TimeControl "2700+45"]

1. d4 d5 2. Bf4 Nf6 3. Nc3 e6 4. Be5 Be7 5. e3 a6 6. Bd3 O-O 7. Nf3 h6 8. O-O
Nbd7 9. Bf4 b6 10. a3 Bb7 11. b4 Rb8 12. Ne5 Nxe5 13. Bxe5 Rc8 14. Ne2 c6 15. c3
c5 16. Qb1 Kh8 17. Bxf6 Bxf6 18. dxc5 bxc5 19. b5 c4 20. Bc2 Qb6 21. bxa6 Qxb1
22. Raxb1 Bxa6 23. Rb6 Ra8 24. Ng3 g6 25. Ba4 Bxc3 26. Bc6 Rab8 27. Rxa6 Rb2 28.
a4 Rfb8 29. Ra7 Kg7 30. a5 Ra2 31. Bb7 Ra1 32. a6 Rxf1+ 33. Nxf1 Ba5 34. Ra8 Bc7
35. a7 Rxa8 36. Bxa8 Bb6 37. Nd2 c3 38. Nb3 c2 39. Bc6 Bxa7 40. Nc1 f6 41. Bd7
e5 42. Kf1 Kf7 43. Ke2 e4 44. Bc6 Ke6 45. Kd2 Ke5 46. Kxc2 d4 47. Kd2 d3 48. Be8
g5 49. Bg6 f5 50. g3 f4 51. g4 f3 {Game drawn by mutual agreement} 1/2-1/2

[Event "Team 45 45 League T99"]
[Site "Internet Chess Club"]
[Date "2024.02.24"]
[Round "2"]
[White "Electryon"]
[Black "chesskix"]
[Result "1-0"]
[WhiteElo "1551"]
[BlackElo "1383"]
[Opening "Queen's pawn game, Darooha variation "]
[ECO "D02"]
[Time "18:05:18"]
[PlyCount "95"]
[TimeControl "2700+45"]

1. d4 d5 2. Nf3 Nf6 3. Nbd2 c6 4. e3 Bf5 5. Bd3 Bg6 6. O-O Nbd7 7. Qe2 Ne4 8.
Nh4 e6 9. Nxg6 hxg6 10. Nxe4 dxe4 11. Bxe4 Qc7 12. g3 f5 13. Bg2 Nf6 14. h3
O-O-O 15. a4 Bd6 16. a5 a6 17. c4 Ne4 18. Bxe4 fxe4 19. Qg4 Qf7 20. c5 Bc7 21.
Bd2 Qf5 22. Kg2 Qxg4 23. hxg4 Rh7 24. Rh1 Rdh8 25. Rxh7 Rxh7 26. Rh1 Rh6 27. b4
Bd8 28. Rf1 g5 29. f3 exf3+ 30. Rxf3 Rf6 31. e4 Rxf3 32. Kxf3 Kd7 33. Ke2 Ke8
34. Kd3 Kf7 35. Kc4 Be7 36. d5 exd5+ 37. exd5 cxd5+ 38. Kxd5 Kg6 39. c6 bxc6+
40. Kxc6 Bf6 41. Kb7 Be5 42. Be1 Bd4 43. Kxa6 Kf6 44. Kb7 Ke6 45. b5 Kd7 46. b6
Bc5 47. a6 Bxb6 48. Kxb6 {Black resigns} 1-0

[Event "Team 45 45 League T99"]
[Site "Internet Chess Club"]
[Date "2024.02.25"]
[Round "2"]
[White "Denis240964"]
[Black "BrerRabbit"]
[Result "1/2-1/2"]
[WhiteElo "1287"]
[BlackElo "1273"]
[Opening "Caro-Kann: Tartakower (Nimzovich) variation"]
[ECO "B15"]
[Time "15:00:32"]
[PlyCount "82"]
[TimeControl "2700+45"]

1. e4 c6 2. d4 d5 3. Nc3 dxe4 4. Nxe4 Nf6 5. Nxf6+ exf6 6. c3 Bd6 7. Qe2+ Be6 8.
Nf3 O-O 9. g3 Re8 10. Be3 Nd7 11. Bg2 Nb6 12. b3 Nd5 13. c4 Nc7 14. O-O Qd7 15.
Rad1 Bh3 16. Rfe1 Bxg2 17. Kxg2 Bb4 18. Nd2 Re6 19. Qd3 Rae8 20. Re2 R6e7 21.
Rde1 a6 22. Rd1 h6 23. Nb1 Qg4 24. a3 Ba5 25. b4 Bb6 26. Rde1 Qe4+ 27. Qxe4 Rxe4
28. f3 R4e7 29. Kf2 Ba7 30. c5 Nd5 31. Bd2 Kf8 32. Nc3 Rxe2+ 33. Rxe2 Rxe2+ 34.
Nxe2 Bb8 35. f4 f5 36. Kf3 h5 37. Nc3 Nxc3 38. Bxc3 g6 39. Ke3 Ke7 40. Kd3 Ke6
41. Kc4 Bc7 {Game drawn by mutual agreement} 1/2-1/2

[Event "Team 45 45 League T99"]
[Site "Internet Chess Club"]
[Date "2024.02.23"]
[Round "2"]
[White "Ostap-Bender"]
[Black "Visin"]
[Result "1/2-1/2"]
[WhiteElo "1227"]
[BlackElo "1179"]
[Opening "Ruy Lopez: Anderssen variation"]
[ECO "C77"]
[Time "13:00:19"]
[PlyCount "92"]
[TimeControl "2700+45"]

1. e4 e5 2. Nf3 Nc6 3. Bb5 a6 4. Ba4 Nf6 5. d3 d6 6. c3 Be7 7. O-O Bd7 8. Re1
O-O 9. d4 exd4 10. cxd4 h6 11. Nc3 Bg4 12. Bxc6 bxc6 13. h3 Bh5 14. Bf4 Nh7 15.
Qd3 Ng5 16. Nxg5 Bxg5 17. Bxg5 Qxg5 18. Qe3 Qd8 19. g4 Bg6 20. Rac1 f6 21. Ne2
Be8 22. Nf4 Bd7 23. d5 c5 24. Qc3 a5 25. a3 a4 26. b4 axb3 27. Qxb3 Re8 28. f3
Qb8 29. Rb1 Qxb3 30. Rxb3 Ra7 31. Ra1 Rea8 32. Ne2 g5 33. Ng3 Ra4 34. Nf5 Bxf5
35. gxf5 Kf7 36. Rb7 R4a7 37. Rxa7 Rxa7 38. a4 Ke7 39. a5 Kd7 40. a6 Kc8 41. Kf2
Kd7 42. Ke3 c6 43. Kd3 Kc7 44. Kc4 cxd5+ 45. Kxd5 Kd7 46. Ra3 h5 {Game drawn by
mutual agreement} 1/2-1/2

[Event "Team 45 45 League T99"]
[Site "Internet Chess Club"]
[Date "2024.02.25"]
[Round "2"]
[White "tamky70"]
[Black "stantheman59"]
[Result "0-1"]
[WhiteElo "1302"]
[BlackElo "1149"]
[Opening "English: Sicilian reversed"]
[ECO "A25"]
[Time "17:00:31"]
[PlyCount "88"]
[TimeControl "2700+45"]

1. c4 e5 2. Nc3 Nc6 3. e4 Bc5 4. d3 Nd4 5. Bd2 Nf6 6. Na4 Ne6 7. b4 Bd4 8. Nc3
d6 9. Rb1 a6 10. Nd5 Nxd5 11. cxd5 Ng5 12. Bxg5 Qxg5 13. Qd2 Qf6 14. Nf3 Bb6 15.
Be2 Bd7 16. O-O h6 17. Qc2 O-O 18. a4 Rfc8 19. Nd2 c6 20. Nc4 Bd8 21. a5 cxd5
22. exd5 b6 23. Qb3 Rab8 24. Bf3 bxa5 25. Qa3 a4 26. Na5 Bxa5 27. bxa5 Bb5 28.
Be4 Rc7 29. Rbc1 Rbc8 30. Rxc7 Rxc7 31. Rc1 Rxc1+ 32. Qxc1 g6 33. Qxh6 a3 34.
Qc1 a2 35. Qb2 Qf4 36. g3 Qd2 37. Qxd2 a1=Q+ 38. Kg2 f5 39. Bf3 Qd4 40. Be2 e4
41. Qg5 exd3 42. Qxg6+ Qg7 43. Qe6+ Kh8 44. Qe8+ Bxe8 {White resigns} 0-1

[Event "Team 45 45 League T99"]
[Site "Internet Chess Club"]
[Date "2024.02.23"]
[Round "2"]
[White "Kingofknights"]
[Black "Manch"]
[Result "1/2-1/2"]
[WhiteElo "1450"]
[BlackElo "1376"]
[Opening "Nimzo-Indian: 4.e3 O-O, 5.Bd3 d5"]
[ECO "E48"]
[Time "11:40:26"]
[PlyCount "121"]
[TimeControl "2700+45"]

1. d4 d5 2. c4 e6 3. Nc3 Bb4 4. e3 Nf6 5. Bd3 O-O 6. Ne2 Nbd7 7. O-O c6 8. cxd5
exd5 9. a3 Bxc3 10. Nxc3 Nb6 11. Qc2 Qd6 12. b4 a6 13. Rb1 Kh8 14. a4 Ng4 15. g3
Qh6 16. f3 Nf6 17. e4 Qh5 18. e5 Ng8 19. a5 Nc4 20. Na4 Bh3 21. Rf2 Rad8 22. Nc5
Bc8 23. Bxc4 dxc4 24. Qxc4 Ne7 25. Ne4 Nd5 26. Bd2 f5 27. Nd6 f4 28. Nxc8 Rxc8
29. g4 Qg5 30. Re1 h5 31. h3 Rce8 32. Re4 Qh4 33. Qf1 Re6 34. Qg2 Qg3 35. Rfe2
hxg4 36. hxg4 Qxg2+ 37. Rxg2 g5 38. Rh2+ Kg7 39. Rh5 Kg6 40. Re2 Nf6 41. Rh3 Nd5
42. Reh2 b6 43. Rh6+ Kf7 44. Rxe6 Kxe6 45. Rh6+ Kd7 46. Rg6 bxa5 47. bxa5 Rb8
48. Rxg5 Rb1+ 49. Kf2 Rb2 50. Ke1 Rb1+ 51. Ke2 Rb2 52. Kd3 Rb3+ 53. Ke4 Rb2 54.
Bxf4 Re2+ 55. Kf5 Ne7+ 56. Kf6 Nd5+ 57. Kf5 Ne7+ 58. Kf6 Nd5+ 59. Kf5 Ne7+ 60.
Kf6 Nd5+ 61. Kf5 {Game drawn by repetition} 1/2-1/2

[Event "Team 45 45 League T99"]
[Site "Internet Chess Club"]
[Date "2024.02.22"]
[Round "2"]
[White "garytd"]
[Black "Constrictor"]
[Result "0-1"]
[WhiteElo "1458"]
[BlackElo "1398"]
[Opening "Caro-Kann: two knights, 3...Bg4"]
[ECO "B11"]
[Time "18:00:43"]
[PlyCount "65"]
[TimeControl "2700+45"]

1. e4 c6 2. Nc3 d5 3. Nf3 Bg4 4. h3 Bxf3 5. Qxf3 e6 6. d3 Qf6 7. Be2 Bb4 8. Bd2
Nd7 9. O-O Ne7 10. a3 Ba5 11. b4 Bc7 12. Qxf6 Nxf6 13. exd5 Nexd5 14. g3 Be5 15.
Nxd5 Bxa1 16. Nc7+ Kd7 17. Nxa8 Bd4 18. c3 Be5 19. d4 Bd6 20. Bd3 h6 21. f4 Rxa8
22. Kg2 a5 23. f5 axb4 24. fxe6+ fxe6 25. axb4 Ra2 26. Rf2 Ke7 27. Re2 b5 28.
Kf3 Nd5 29. Bf5 Nc7 30. g4 Rxd2 31. Rxd2 exf5 32. gxf5 Kf6 33. Kg4 {White
resigns} 0-1

[Event "Team 45 45 League T99"]
[Site "Internet Chess Club"]
[Date "2024.02.22"]
[Round "2"]
[White "ticktockman"]
[Black "Toalla"]
[Result "1-0"]
[WhiteElo "1071"]
[BlackElo "1092"]
[Opening "Owen defense"]
[ECO "B00"]
[Time "16:08:22"]
[PlyCount "113"]
[TimeControl "2700+45"]

1. e4 b6 2. Bc4 e6 3. Nf3 Bb7 4. d3 Be7 5. a3 d6 6. Nbd2 Nd7 7. Ba2 g6 8. O-O
Ngf6 9. h3 O-O 10. b4 Re8 11. Bb2 Bf8 12. Rb1 Bg7 13. Re1 Rc8 14. b5 c5 15. bxc6
Bxc6 16. Bc4 b5 17. Ba2 Qc7 18. Bb3 a5 19. Nd4 Nc5 20. Nxc6 Qxc6 21. Ba2 a4 22.
Nf3 Ncd7 23. Re2 e5 24. Ng5 d5 25. exd5 Nxd5 26. Nf3 Nc3 27. Bxc3 Qxc3 28. Qc1
Qa5 29. Ng5 Re7 30. d4 h6 31. Nf3 e4 32. Nh4 Kf8 33. Rb4 Nf6 34. c3 Rec7 35. c4
bxc4 36. Bxc4 Qa6 37. Rc2 Qa7 38. Qd2 Nd5 39. Rb5 Qxd4 40. Bxd5 Qxd2 41. Rxd2
Rc1+ 42. Kh2 f5 43. Nxg6+ Ke8 44. Rb7 R1c7 45. Rb4 Ra7 46. Rc4 Rxc4 47. Bxc4 Bc3
48. Bb5+ Kf7 49. Rd6 Kg7 50. Nh4 Rf7 51. Rd7 Be1 52. Kg1 Kf6 53. Bxa4 Re7 54.
Rxe7 Kxe7 55. Nxf5+ Kd8 56. Nxh6 Kc7 57. Bc2 {Black resigns} 1-0